 Dungeon Sprint DCSS version 0.17.1-3-g152610e (webtiles) character file.

618 Kokonut the Geomancer (level 7, -2/36 HPs)
             Began as a Gargoyle Earth Elementalist on Mar 5, 2016.
             Was an Initiate of Vehumet.
             Slain by Sonja
             ... wielding a +0 short sword of distortion
              (10 damage)
             ... in the Dungeon (Sprint I: "Red Sonja").
             The game lasted 00:02:36 (474 turns).

Kokonut the Geomancer (Gargoyle Earth Elementalist)  Turns: 474, Time: 00:02:37

Health: -2/36      AC:  6    Str: 11    XL:     7   Next: 45%
Magic:  13/19      EV: 12    Int: 18    God:    Vehumet [......]
Gold:   436        SH:  0    Dex: 10    Spells: 2 memorised, 19 levels left

rFire  . . .     SeeInvis .     b - 5 stones
rCold  . . .     Clarity  .     a - +0 robe
rNeg   + . .     SustAt   .     (no shield)
rPois  ∞         Gourm    .     (no helmet)
rElec  +         Spirit   .     (no cloak)
rCorr  .         Warding  .     (no gloves)
rMut   .         NoTele   +     (no boots)
MR     .....                    (no amulet)
Stlth  ++........               (no ring)
                                (no ring)

@: not resistant to hostile enchantments, unstealthy
A: negative energy resistance 1, electricity resistance, unbreathing,
petrification resistance, rot immunity, AC +4
a: Renounce Religion


You were in the Dungeon.
You worshipped Vehumet.
Vehumet was noncommittal.
You were not hungry.

You visited 1 branch You collected 436 gold pieces.

Inventory:

Missiles
 b - 5 stones (in hand)
Armour
 a - a +0 robe (worn)
Wands
 i - a wand of polymorph (16)
Scrolls
 j - a scroll of blinking
Potions
 e - a potion of curing
 f - a potion of heal wounds
 g - a potion of haste
 h - 2 potions of magic
Books
 c - a book of Geomancy

   Spells                             Type                      Level
   a - Sandblast                      Earth                        1
   b - Stoneskin                      Transmutation/Earth          2
   c - Passwall                       Transmutation/Earth          3
   d - Stone Arrow                    Conjuration/Earth            3
   e - Petrify                        Transmutation/Earth          4
   f - Lee's Rapid Deconstruction     Earth                        5
Comestibles
 d - a bread ration


   Skills:
 + Level 0.0 Armour
 - Level 1.5 Dodging
 - Level 2.1 Stealth
 + Level 8.6 Spellcasting
 + Level 0.0 Conjurations
   Level 0.7 Transmutations
 * Level 14.8 Earth Magic


You had 19 spell levels left.
You knew the following spells:

 Your Spells              Type           Power        Failure   Level  Hunger
a - Sandblast             Erth           ######       1%          1    None
b - Stone Arrow           Conj/Erth      ####..       1%          3    None


Dungeon Overview and Level Annotations

Branches:
Dungeon (1/1)

Altars:
Cheibriados
Dithmenos
Elyvilon
Fedhas
Gozag
Kikubaaqudgha
Makhleb
Nemelex Xobeh
Okawaru
Qazlal
Ru
Sif Muna
Trog
Vehumet
Xom
Yredelemnul
Zin
The Shining One
Jiyva

Shops:
D }

Annotations:
D Sonja


Innate Abilities, Weirdness & Mutations

You are resistant to torment.
Your stone body is resilient (AC +4).
You are immune to poison.
You resist negative energy.
You are resistant to electric shocks.
You can survive without breathing.
You are immune to petrification.
You are immune to rotting.


Message History

Confirm with . or Enter, or press ? or * to list all spells.
Aiming: Stone Arrow
Press: ? - help, Shift-Dir - straight line, f - Sonja
Aim: Sonja, wielding a short sword of distortion (resting)
The stone arrow hits Sonja.
Sonja is heavily wounded.
Sonja gestures wildly while chanting.
Sonja blinks!
Casting: Stone Arrow
Confirm with . or Enter, or press ? or * to list all spells.
Aiming: Stone Arrow
Press: ? - help, Shift-Dir - straight line, f/p - Sonja
Aim: Sonja, wielding a short sword of distortion (heavily wounded)
The stone arrow misses Sonja.
Sonja completely misses you.
Sonja hits you with a short sword of distortion.
Space warps horribly around you!
Ouch! That really hurt!
* * * LOW HITPOINT WARNING * * *
Sonja hits you but does no damage. Space warps horribly around you!
You die...

######################
#<.#..)..#.)'..#__#..+
#..'..#..'..#..'..'..#
#..#####+#####'#__####
#..####..#...#[####
#..#__####..##.#
#..#_..__##'#..+
#⌠⌠#_.∩...†..._#
####_..._##K@#'#
#_____###'#.# #######
#.### $.$ $§$ ##.##
#+#


You could see Sonja.

Vanquished Creatures
  A slime creature (D)
  Sigmund (D)
  A yak (D)
  An ogre (D)
  A jelly (D)
  Ijyb (D)
6 creatures vanquished.

Notes
Turn   | Place    | Note
--------------------------------------------------------------
     0 | D        | Kokonut the Gargoyle Earth Elementalist began the quest for the Orb.
     0 | D        | Reached XP level 1. HP: 10/10 MP: 3/3
     1 | D        | Noticed Ijyb
    14 | D        | Killed Ijyb
    14 | D        | Reached skill level 6 in Earth Magic
    14 | D        | Reached XP level 2. HP: 15/15 MP: 3/6
    14 | D        | Reached XP level 3. HP: 19/19 MP: 4/8
    22 | D        | Learned a level 3 spell: Stone Arrow
    45 | D        | Noticed an ogre
    47 | D        | Killed an ogre
    47 | D        | Reached skill level 5 in Spellcasting
    47 | D        | Reached skill level 9 in Earth Magic
    47 | D        | Reached XP level 4. HP: 22/24 MP: 7/11
    79 | D        | Noticed Sigmund
    86 | D        | Killed Sigmund
    86 | D        | Reached skill level 12 in Earth Magic
    86 | D        | Reached XP level 5. HP: 10/28 MP: 5/14
    86 | D        | Reached XP level 6. HP: 11/32 MP: 5/15
   306 | D        | Found a deep blue altar of Sif Muna.
   307 | D        | Noticed a jelly
   308 | D        | Found a radiant altar of Vehumet.
   311 | D        | Killed a jelly
   350 | D        | Found a snail-covered altar of Cheibriados.
   350 | D        | Found a viscous altar of Jiyva.
   350 | D        | Found a shadowy altar of Dithmenos.
   350 | D        | Found a blossoming altar of Fedhas.
   350 | D        | Noticed a slime creature
   353 | D        | Killed a slime creature
   353 | D        | Reached skill level 14 in Earth Magic
   353 | D        | Reached XP level 7. HP: 27/36 MP: 13/18
   361 | D        | Became a worshipper of Vehumet
   363 | D        | Found Reamp's Gadget Emporium.
   363 | D        | Found a white marble altar of Elyvilon.
   363 | D        | Found a stormy altar of Qazlal.
   363 | D        | Found a burning altar of Makhleb.
   363 | D        | Found a sacrificial altar of Ru.
   363 | D        | Found a basalt altar of Yredelemnul.
   363 | D        | Found a glowing golden altar of the Shining One.
   363 | D        | Found a sparkling altar of Nemelex Xobeh.
   363 | D        | Found a shimmering altar of Xom.
   363 | D        | Found an opulent altar of Gozag.
   363 | D        | Found an ancient bone altar of Kikubaaqudgha.
   363 | D        | Found a glowing silver altar of Zin.
   363 | D        | Noticed a yak
   366 | D        | Killed a yak
   367 | D        | Found an iron altar of Okawaru.
   368 | D        | Found a bloodstained altar of Trog.
   472 | D        | Noticed Sonja
   474 | D        | Slain by Sonja

Action                   |  1- 3 |  4- 6 |  7- 9 || total
-------------------------+-------+-------+-------++-------
Melee: Unarmed           |    12 |       |       ||    12
 Cast: Sandblast         |     1 |    10 |     4 ||    15
       Stone Arrow       |       |       |     2 ||     2
  Use: Potion            |     1 |       |       ||     1
